 Dungeon Crawl Stone Soup version 0.31-a0-934-gf4fcaacff8 (webtiles) character file.

Game seed: 2610828323663061757

1134 BinkBink the Skirmisher (level 8, -9/56 HPs)
             Began as a Demonspawn Hunter on Oct 20, 2023.
             Was a Follower of Kikubaaqudgha.
             Killed from afar by a steam dragon (17 damage)
             ... with a ball of steam
             ... on level 7 of the Dungeon.
             The game lasted 00:09:52 (5404 turns).

BinkBink the Skirmisher (Demonspawn Hunter)         Turns: 5404, Time: 00:09:53

Health: -9/56      AC:  9    Str: 12    XL:     8   Next: 14%
Magic:  7/7        EV: 13    Int: 10    God:    Kikubaaqudgha [*.....]
Gold:   236        SH:  5    Dex: 19    Spells: 7/7 levels left

rFire   . . .        a - +2 shortbow (flame)
rCold   . . .        (shield currently unavailable)
rNeg    . . .        c - +0 leather armour
rPois   .            s - +1 helmet
rElec   .            b - +0 cloak
rCorr   +            t - +2 pair of gloves
SInv    .            (no boots)
Will    .....        r - amulet of reflection
Stlth   ++           e - ring of resist corrosion
HPRegen 0.29/turn    (no ring)
MPRegen 0.10/turn

%: reflection
@: studying Ranged Weapons
A: powered by death 1, sturdy frame 1, weakness stinger 2, low MP 1, wild magic
1
a: Renounce Religion, Unearth Wretches


You were on level 7 of the Dungeon.
You worshipped Kikubaaqudgha.
Kikubaaqudgha was aware of your devotion.
You visited 1 branch of the dungeon, and saw 8 of its levels.

You collected 272 gold pieces.
You spent 36 gold pieces at shops.

Inventory:

Hand Weapons
 a - a +2 shortbow of flaming (weapon)
Armour
 b - a +0 cloak (worn)
 c - a +0 leather armour (worn)
 s - a +1 helmet (worn)
 t - a +2 pair of gloves (worn)
Jewellery
 e - a ring of resist corrosion (left hand)
 p - a ring of fire
 r - an amulet of reflection (around neck)
Wands
 i - a wand of charming (4)
Scrolls
 g - a scroll of amnesia
 k - 2 scrolls of blinking
 m - a scroll of enchant armour
 o - a scroll of identify
Potions
 d - 7 potions of curing
 f - a potion of berserk rage {unknown}
 h - 3 potions of heal wounds {unknown}
 j - a potion of attraction
 l - a potion of cancellation
 n - a potion of invisibility {unknown}
 q - a potion of haste {unknown}
 u - 2 potions of brilliance {unknown}
 v - a potion of might {unknown}


   Skills:
 - Level 2.0 Fighting
 * Level 10.8 Ranged Weapons
 + Level 3.0 Dodging
 - Level 0.8 Stealth


You had 7 spell levels left.
You didn't know any spells.
Your spell library contained the following spells:

 Spells                   Type           Power      Damage    Failure   Level
 Kiss of Death            Conj/Necr      0%         2d5       45%         1
 Magic Dart               Conj           0%         1d3       45%         1
 Necrotise                Necr           0%         1d4       45%         1
 Call Imp                 Summ           0%         N/A       61%         2
 Cigotuvi's Dreadful Rot  Necr/Pois/Air  0%         N/A       61%         2
 Sublimation of Blood     Necr           0%         N/A       61%         2
 Wereblood                Tmut           0%         N/A       61%         2
 Ignite Poison            Fire/Tmut/Pois 0%         N/A       82%         3
 Mephitic Cloud           Conj/Pois/Air  0%         N/A       82%         3
 Ozocubu's Armour         Ice            0%         N/A       82%         3
 Animate Armour           Summ/Erth      0%         N/A       99%         4
 Summon Lightning Spire   Summ/Air       0%         N/A       99%         4
 Vhi's Electric Charge    Tloc/Air       0%         N/A       99%         4
 Arcjolt                  Conj/Air       0%         1d10      100%        5
 Freezing Cloud           Conj/Ice/Air   0%         6-21      100%        5
 Irradiate                Conj/Tmut      0%         3d11      100%        5
 Lee's Rapid Deconstruct  Erth           0%         3d4*      100%        5
 Metabolic Englaciation   Hex/Ice        0%         N/A       100%        5
 Simulacrum               Ice/Necr       0%         N/A       100%        6
 Maxwell's Capacitive Co  Air            0%         ∞         100%        8


Dungeon Overview and Level Annotations

Branches:
Dungeon (8/15)
 Temple: D:4-7         Lair: D:8-11

Altars:
Kikubaaqudgha
Nemelex Xobeh
Okawaru
Qazlal
Yredelemnul

Shops:
D:1 *   D:5 [

Annotations:
D:4 Pikel


Innate Abilities, Weirdness & Mutations

You regenerate a little health from kills.
Your movements are slightly less encumbered by armour. (ER -2)
You have a tail ending in a sharp stinger.
Your magical capacity is low. (-10% MP)
Your spells are a little harder to cast, but a little more powerful.


Message History

An ufetubus and a steam dragon come into view.
Found 16 gold pieces.
You shoot an arrow. The arrow hits the ufetubus!
The arrow burns the ufetubus.
You kill the ufetubus!
Kikubaaqudgha accepts your kill.
You shoot an arrow. The arrow hits the steam dragon!
The arrow burns the steam dragon.
The steam dragon hisses angrily.
The steam dragon is moderately wounded.
The steam dragon breathes steam at you. The ball of steam hits you!!
No target in view!
No target in view!
You are engulfed in a cloud of scalding steam.
You start resting.
A steam dragon is nearby!
You shoot an arrow. The arrow hits the steam dragon!
The arrow burns the steam dragon.
The steam dragon is severely wounded.
You shoot an arrow.
The arrow closely misses the steam dragon.
You shoot an arrow.
The arrow hits the steam dragon but does no damage.
The steam dragon is severely wounded.
The steam dragon breathes steam at you. The ball of steam hits you!!
* * * LOW HITPOINT WARNING * * *
You hear a shout! x3
Okay, then.
You are too injured to fight recklessly!
You are too injured to fight recklessly!
Fire: a) +2 shortbow (flame)
Press: ? - help, Q - select action, (/) - cycle Shift-Dir - straight line, f/p - steam dragon
Aim: a steam dragon (severely wounded, 69% to hit)
You shoot an arrow.
The arrow completely misses the steam dragon.
The steam dragon breathes steam at you. The ball of steam hits you!
You die...
Kikubaaqudgha rasps: "You have failed me!
Welcome... death!"

# . .# .###..#
#.#.#.#.
######.#.#.#.#.
#.....#.#.#.#.#.
#...@#.#.#.#.#.#
#....§#.#.#.#.#
######§#.#.#.#
#§#D#.#.#
##§#.#.# #.#§#.#
##.#.#.#
#.#§#.#.#
##.#.#.#.#


There were no monsters in sight!

Vanquished Creatures
  A water moccasin (D:6)
  An ice beast (D:5)
  A black bear (D:7)
  An ogre (D:5)
  2 lemures (D:3)
  A bullfrog (D:6)
  2 scorpions (D:4)
  A wight (D:8)
  An orc priest (D:4)
  A jelly (D:4)
  2 hounds
  4 iguanas
  2 sleepcaps
  3 orc wizards
  6 adders
  A shadow imp (D:5)
  A white imp (D:6)
  An ufetubus (D:7)
  2 worms (D:2)
  2 dart slugs (D:2)
  9 orcs
  8 ball pythons
  7 endoplasms
  A giant cockroach (D:3)
  13 goblins
  7 hobgoblins
  2 jackals (D:2)
  3 quokkas
  6 bats
  7 frilled lizards
  3 kobolds
  5 rats
  A spectral orc (D:3)
108 creatures vanquished.

Notes
Turn   | Place    | Note
-------+----------+-------------------------------------------
     0 | D:1      | BinkBink the Demonspawn Hunter began the quest for the Orb.
     0 | D:1      | Reached XP level 1. HP: 16/16 MP: 1/1
    74 | D:1      | Reached skill level 4 in Ranged Weapons
    75 | D:1      | Gained mutation: You have a small tail. [demonic ancestry]
    75 | D:1      | Reached XP level 2. HP: 10/22 MP: 2/2
   557 | D:1      | Found Babyn's Assorted Antiques.
   565 | D:1      | Bought a scroll labelled SAWUDA ISKYWN for 18 gold pieces
   565 | D:1      | Bought a scroll labelled SAWUDA ISKYWN for 18 gold pieces
  1045 | D:2      | Reached XP level 3. HP: 27/27 MP: 3/3
  1075 | D:2      | Found a faded altar of an unknown god.
  1715 | D:3      | Reached skill level 5 in Ranged Weapons
  1805 | D:3      | Gained mutation: You regenerate a little health from kills.
                  | [demonic ancestry]
  1805 | D:3      | Reached XP level 4. HP: 23/33 MP: 4/4
  1966 | D:3      | Found an ancient bone altar of Kikubaaqudgha.
  2345 | D:3      | Found a basalt altar of Yredelemnul.
  2432 | D:3      | Became a worshipper of Kikubaaqudgha
  2686 | D:4      | Reached XP level 5. HP: 38/38 MP: 5/5
  2700 | D:4      | Reached skill level 6 in Ranged Weapons
  3079 | D:4      | Gained mutation: Your movements are slightly less
                  | encumbered by armour. (ER -2) [demonic ancestry]
  3079 | D:4      | Reached XP level 6. HP: 30/44 MP: 6/6
  3101 | D:4      | Reached skill level 7 in Ranged Weapons
  3180 | D:3      | Gained mutation: You are dopey. (Int -2) [potion of
                  | mutation]
  3180 | D:3      | Gained mutation: You have an increased reservoir of magic.
                  | (+10% MP) [potion of mutation]
  3181 | D:3      | Lost mutation: You are dopey. (Int -2) [potion of mutation]
  3181 | D:3      | Lost mutation: You have an increased reservoir of magic.
                  | (+10% MP) [potion of mutation]
  3181 | D:3      | Gained mutation: Your magical capacity is low. (-10% MP)
                  | [potion of mutation]
  3181 | D:3      | Gained mutation: Your spells are a little harder to cast,
                  | but a little more powerful. [potion of mutation]
  3368 | D:4      | Noticed Pikel
  3490 | D:4      | Found a sparkling altar of Nemelex Xobeh.
  3755 | D:5      | Entered Level 5 of the Dungeon
  3820 | D:5      | Found a stormy altar of Qazlal.
  4134 | D:3      | Identified a scroll of acquirement
  4134 | D:3      | Acquired a manual of Ranged Weapons
  4336 | D:5      | Found an iron altar of Okawaru.
  4384 | D:5      | Found Wacetump's Armour Shop.
  4491 | D:5      | Reached skill level 8 in Ranged Weapons
  4491 | D:5      | Reached XP level 7. HP: 50/50 MP: 6/6
  4818 | D:5      | Reached skill level 9 in Ranged Weapons
  5163 | D:6      | Reached skill level 10 in Ranged Weapons
  5261 | D:6      | Reached * piety under Kikubaaqudgha
  5261 | D:6      | Received a gift from Kikubaaqudgha
  5349 | D:6      | You fall into a shaft and drop 2 floors!
  5357 | D:8      | Gained mutation: You have a tail ending in a sharp stinger.
                  | [demonic ancestry]
  5357 | D:8      | Reached XP level 8. HP: 56/56 MP: 7/7
  5404 | D:7      | Killed from afar by a steam dragon

Illustrated notes

Levels and vault maps discovered:
D:1:      psy_arrival_dodecagon, layout_basic, serial_shops,
          nicolae_shop_competitors_out_of_business
D:2:      layout_loops_ring, hellmonk_ecumenical_altar_run_dry,
          minmay_crystal_water, corner_web_ring, chequers_garden,
          kennysheep_generic_room_9
D:3:      layout_loops_ring, yredelemnul_forgotten_temple_becter,
          amcnicky_altar_gilded, glass_columns_a, minmay_distorted
D:4:      layout_basic, mainiacjoe_overflow_alcove_2, uniq_pikel
D:5:      wander_river, layout_basic, okawaru_gym_becter,
          mainiacjoe_overflow_concentric_impassable, overflow_temple_1_default,
          serial_shops, nicolae_shop_temple_entry_statues_fountains,
          due_unseen_surprise
D:6:      layout_loops_ring, mainiacjoe_overflow_boulevard,
          minmay_fractal_squares_gapless_5
D:7:      layout_rooms, fiery_altar_vehumet, lemuel_crystal_altar,
          minmay_temple_entry_offerings, enter_bailey_3, minivault_23,
          minmay_misc_feat_doors, minivault_5
D:8:      layout_cave_pools, mainiacjoe_overflow_alcove_4,
          grunt_dithmenos_smoke, mainiacjoe_overflow_alcove_1, uniq_maggie

Skill      XL: |  1  2  3  4  5  6  7  8 |
---------------+-------------------------+-----
Ranged Weapons | 4 5 6 8 10 | 10.8
Dodging        | 2 3 |  3.0
Fighting       | |  2.0
Stealth        | |  0.8

Action                     |  1- 3 |  4- 6 |  7- 9 || total
---------------------------+-------+-------+-------++-------
  Melee: Shortbow          |       |     1 |       ||     1
   Fire: Shortbow          |   139 |   209 |   101 ||   449
    Use: Scroll            |       |    14 |     2 ||    16
         Potion            |       |     2 |       ||     2
 Armour: Leather armour    |    23 |    74 |    31 ||   128
  Dodge: Dodged            |    15 |    50 |    23 ||    88
  Block: Other             |       |     1 |    10 ||    11

Table legend: (Time is in decaauts)
 A = Elapsed time spent in this place.
 B = Non-inter-level travel time spent in this place.
 C = Inter-level travel time spent in this place.
 D = Time resting spent in this place.
 E = Time spent auto-exploring this place.
 F = Levels seen in this place.
 G = Mean time per level.
                   A        B        C        D        E       F      G
               +--------+--------+--------+--------+--------+-----+--------+
         Total |   5481 |   5243 |    238 |    519 |   3854 |   8 |  685.1 |
       Dungeon |   5481 |   5243 |    238 |    519 |   3854 |   8 |  685.1 |
               +--------+--------+--------+--------+--------+-----+--------+

Top non-repeatable levels by time:
     D:3: 1284 daAuts
     D:4: 1186 daAuts
     D:5: 984 daAuts
     D:1: 967 daAuts
     D:2: 758 daAuts
     D:6: 248 daAuts
     D:7: 37 daAuts
     D:8: 14 daAuts
